AoeStats
← temppu

Hideout

508955000Analyzed
1v1 RM · 8d ago on Sep 24, 2026· 44m 10s· 2 players
Game mode
Random Map
Map size
Tiny (2 player)
Population
200
Speed
Normal
Resources
Standard
Victory
Conquest
Starting age
Dark Age
Ending age
Imperial Age
RankedLock teamsTeams togetherTeam positionsShared explorationLock speedFull tech treeHidden civsTurbo modeCheats
Victory
Defeat
🇸🇪 Hindustanis · Sweden
708
+15
🇫🇮 Portuguese · Finland
693
-15
temppu
4:24 Loom
11:00 Feudal Age
11:40 Double-Bit Axe
11:40 Horse Collar
18:40 Castle Age
16:57 Scale Mail Armor
18:33 Gold Mining
18:37 Stone Mining
20:20 Bow Saw
20:31 Bow Saw
22:10 Pikeman
27:54 Town Watch
28:45 Wheelbarrow
31:36 Fervor
31:47 Sanctity
31:42 Scale Barding Armor
31:28 Fletching
31:49 Forging
31:54 Chain Mail Armor
31:40 Padded Archer Armor
33:45 Bodkin Arrow
34:25 Iron Casting
40:08 Imperial Age
42:30 Two-Man Saw
41:36 Heavy Plow
Nestor Choucroute
0:36 Loom
10:33 Feudal Age
16:50 Castle Age
15:54 Double-Bit Axe
16:14 Horse Collar
16:15 Man-at-Arms
17:51 Elite Skirmisher
18:25 Fletching
23:46 Wheelbarrow
24:15 Town Watch
27:25 Bodkin Arrow
34:03 Imperial Age
31:54 Padded Archer Armor
32:57 Thumb Ring
34:30 Ballistics
33:42 Long Swordsman
35:17 Two-Handed Swordsman
36:04 Heavy Plow
36:27 Forging
36:24 Scale Barding Armor
39:25 Hand Cart
40:56 Chemistry
41:30 Iron Casting
41:17 Chain Barding Armor
42:15 Champion
Connection lost

Rejoining the realm…

Still unreachable

The connection could not be restored.

Session expired

The server has moved on; the page needs a fresh start.